 Dungeon Crawl Stone Soup version 0.23.1 (webtiles) character file.

Game seed: 0

11772 Fang the Fighter (level 11, -23/109 HPs)
             Began as a Gargoyle Berserker on Mar 11, 2019.
             Was a High Priest of Trog.
             Annihilated by a very large slime creature (40 damage)
             ... on level 12 of the Dungeon.
             The game lasted 00:15:57 (11833 turns).

Fang the Fighter (Gargoyle Berserker)              Turns: 11833, Time: 00:15:58

Health: -23/109    AC: 29    Str: 29    XL:     11   Next: 83%
Magic:  11/11      EV: 11    Int: 12    God:    Trog [*****.]
Gold:   587        SH:  0    Dex:  9    Spells: 10/10 levels left

rFire    . . .     SeeInvis .   f - +6 battleaxe of Killer Klown's Doom {venom, rPois}
rCold    . . .     Gourm    +   (shield currently unavailable)
rNeg     + + .     Faith    .   i - +3 plate armour
rPois    ∞         Spirit   .   (no helmet)
rElec    +         Reflect  .   p - +2 cloak
rCorr    .         Harm     .   (no gloves)
MR       .....                  (no boots)
Stlth    ..........             s - amulet of the gourmand
HPRegen  0.28/turn              j - +4 ring of intelligence
MPRegen  0.12/turn              b - ring of positive energy

@: berserking, very quick
A: negative energy resistance 1, electricity resistance, unbreathing,
petrification resistance, rot immunity, AC +8
a: Berserk, Trog's Hand, Brothers in Arms, Renounce Religion


You were on level 12 of the Dungeon.
You worshipped Trog.
Trog was extremely pleased with you.
You were very full.

You visited 2 branches of the dungeon, and saw 13 of its levels.
You also visited: Sewer and Bailey.

You collected 775 gold pieces.
You spent 188 gold pieces at shops.

Inventory:

Hand Weapons
 f - the +6 battleaxe of Killer Klown's Doom (weapon) {venom, rPois}
   (Trog gifted it to you on level 7 of the Dungeon)

   It poisons the flesh of those it strikes.
   It protects you from poison.
 r - a +2 war axe
Armour
 i - a +3 plate armour (worn)
 p - a +2 cloak (worn)
Jewellery
 b - a ring of positive energy (right hand)
 j - a +4 ring of intelligence (left hand)
 s - an amulet of the gourmand (around neck)
Wands
 a - a wand of digging (1)
 n - a wand of random effects (18)
 v - a wand of paralysis (23)
Scrolls
 h - 6 scrolls of teleportation
 o - a scroll of fear
 y - 4 scrolls of remove curse
 C - a scroll of magic mapping
 D - 2 scrolls of identify
Potions
 d - a potion of might
 e - a potion of lignification {unknown}
 g - 3 potions of resistance
 k - a potion of cancellation
 l - 2 potions of agility
 m - 3 potions of heal wounds
 q - 2 potions of mutation
 t - 2 potions of flight
 u - 3 potions of invisibility
 w - a potion of berserk rage
 x - 2 potions of ambrosia
 z - 4 potions of curing
 A - a potion of haste
 B - a potion of magic {unknown}
Comestibles
 c - 16 rations


   Skills:
 + Level 10.5 Fighting
 + Level 9.0 Axes
 + Level 10.4 Armour
 + Level 8.0 Dodging


You had 10 spell levels left.
You didn't know any spells.
Your spell library was empty.

Dungeon Overview and Level Annotations

Branches:
Dungeon (12/15)            Temple (1/1) D:6            Lair (0/6) D:9
    Orc (0/2) D:10

Altars:
Dithmenos
Elyvilon
Fedhas
Gozag
Hepliaklqana
Kikubaaqudgha
Makhleb
Nemelex Xobeh
Okawaru
Trog
Uskayaw
Vehumet
Wu Jian

Shops:
D:4 :   D:6 :   D:8 !?%%:   D:12 ?

Annotations:
D:12 Kirke


Innate Abilities, Weirdness & Mutations

You are resistant to torment.
Your stone body is resilient. (AC +8)
You are immune to poison.
You resist negative energy. (rN+)
You are resistant to electric shocks. (rElec)
You can survive without breathing.
You are immune to petrification.
You are immune to rotting.


Message History

You are too injured to fight recklessly!
You are too injured to fight recklessly!
A red film seems to cover your vision as you go berserk!
You feel yourself moving faster!
You feel mighty!
You feel a lot less full. The hog bites you.
The very large slime creature hits you!!
* * * LOW HITPOINT WARNING * * *
The hog closely misses you. Something hits you but does no damage.
You barely miss something.
You slash the very large slime creature!
The very large slime creature looks as sick as possible!
You slash the hog!
The hog is poisoned.
The crimson imp disappears for a moment.
The hog barely misses you.
The very large slime creature misses you.
You miss something. You slash the hog!
Your plate armour prevents you from hitting the very large slime creature.
Something hits you but does no damage. The hog bites you but does no damage.
The very large slime creature hits you!!!
You die...

#######################
...............>......
.####................ .#
#......)...<...##### .#
#.....######{J......
.####..>..######@h......
.................5......
.#######......###############
.# #......#.............. .#
#..###.'.............. .#
#..###.#.............. .#
#......#.............. .#
#......#..............+ .#
#......####+##........#


You could see a very large slime creature, a hog and a crimson imp.

Vanquished Creatures
  Harold (D:7)
  A two-headed ogre (D:8)
  2 ugly things
  3 centaur zombies
  A troll (D:12)
  A slime creature (D:12)
  2 hippogriffs
  8 yaks
  2 wyverns (D:9)
  A wraith (D:10)
  2 hogs (D:12)
  3 hungry ghosts (D:10)
  2 steam dragons
  Eustachio (D:5)
  An acid dragon (D:9)
  A water moccasin (D:5)
  4 orc warriors
  2 ice beasts
  4 sky beasts
  6 ogres
  A phantom (D:8)
  4 centaurs
  3 crocodiles
  A big kobold (D:11)
  3 bullfrogs
  A wyvern zombie (D:6)
  2 elf skeletons (D:5)
  2 scorpions
  4 killer bees (D:8)
  9 wights
  2 howler monkeys
  4 crimson imps
  2 human zombies (D:5)
  7 orc priests
  A gnoll shaman (D:5)
  7 hounds
  A jelly (D:11)
  A human skeleton (D:5)
  A bullfrog skeleton (D:4)
  7 orc wizards
  Crazy Yiuf (D:3)
  4 iguanas
  2 centaur skeletons
  9 worker ants
  6 ogre zombies (D:10)
  A hound zombie (D:11)
  8 gnolls
  A howler monkey skeleton (D:7)
  13 adders
  A shadow imp (D:5)
  3 oozes
  2 adder skeletons
  4 adder zombies
  6 worms
  A dart slug (D:3)
  6 leopard geckos
  42 orcs
  6 giant cockroaches
  12 goblins
  8 hobgoblins
  12 jackals
  15 kobolds
  11 quokkas
  5 ball pythons
  16 bats
  4 frilled lizards
  2 goblin skeletons (D:10)
  A goblin zombie (D:10)
  A hobgoblin skeleton (D:10)
  2 hobgoblin zombies (D:10)
  4 orc skeletons (D:10)
  10 orc zombies
  A quokka zombie (D:8)
  11 rats
342 creatures vanquished.

Notes
Turn   | Place    | Note
-------+----------+-------------------------------------------
     0 | D:1      | Fang the Gargoyle Berserker began the quest for the Orb.
     0 | D:1      | Reached XP level 1. HP: 14/14 MP: 1/1
   156 | D:1      | Reached XP level 2. HP: 16/19 MP: 2/2
   698 | D:1      | Reached XP level 3. HP: 12/23 MP: 3/3
  1276 | D:2      | Found an iron altar of Okawaru.
  1279 | D:2      | Reached ** piety under Trog
  1835 | D:2      | Reached XP level 4. HP: 17/29 MP: 4/4
  2057 | D:2      | Noticed a +0 hand axe
  2058 | D:2      | Noticed a +0 dagger
  2061 | D:2      | Found a hide-covered altar of Uskayaw.
  2123 | D:2      | Found a white marble altar of Elyvilon.
  2590 | D:3      | Reached *** piety under Trog
  2914 | D:3      | Reached XP level 5. HP: 20/33 MP: 5/5
  3060 | D:3      | Found a faded altar of an unknown god.
  3110 | D:3      | Found a sparkling altar of Nemelex Xobeh.
  3165 | D:3      | Found a radiant altar of Vehumet.
  3165 | D:3      | Found a burning altar of Makhleb.
  3262 | D:3      | Found a runed translucent door.
  3263 | D:3      | Noticed Crazy Yiuf
  3507 | D:3      | Killed Crazy Yiuf
  3725 | D:4      | Noticed an ogre
  3732 | D:4      | Reached XP level 6. HP: 39/39 MP: 6/6
  3848 | D:4      | Found an ancient bone altar of Kikubaaqudgha.
  3873 | D:4      | Found a glowing drain.
  3894 | Sewer    | Entered a sewer
  4094 | Sewer    | Reached skill level 5 in Fighting
  4101 | Sewer    | Received a gift from Trog
  4270 | D:4      | Reached XP level 7. HP: 43/44 MP: 7/7
  4279 | D:4      | You fall through a shaft!
  4279 | D:5      | Entered Level 5 of the Dungeon
  4279 | D:5      | Noticed Eustachio
  4297 | D:5      | Killed Eustachio
  4339 | D:5      | Found a hazy altar of Hepliaklqana.
  4381 | D:5      | Reached **** piety under Trog
  4661 | D:5      | Reached skill level 5 in Armour
  4716 | D:5      | Reached XP level 8. HP: 13/51 MP: 8/8
  5163 | D:5      | Reached skill level 5 in Axes
  5600 | D:4      | Found Veyveunaa's Book Shoppe.
  5740 | D:4      | Found an opulent altar of Gozag.
  5965 | D:6      | Found Pevoezxa's Book Boutique.
  5985 | D:6      | Found an ornate altar of the Wu Jian Council.
  6020 | D:6      | Found a staircase to the Ecumenical Temple.
  6029 | D:6      | Found a blossoming altar of Fedhas.
  6044 | Temple   | Entered the Ecumenical Temple
  6836 | D:6      | Found a sparkling altar of Nemelex Xobeh.
  6964 | D:6      | Reached XP level 9. HP: 52/56 MP: 9/9
  7050 | D:6      | Reached skill level 5 in Dodging
  7236 | D:7      | Reached ***** piety under Trog
  7439 | D:7      | Noticed Harold
  7449 | D:7      | Killed Harold
  7925 | D:7      | Received a gift from Trog
  7925 | D:7      | Reached XP level 10. HP: 41/64 MP: 10/10
  7928 | D:7      | Got a sapphire battleaxe {god gift}
  7929 | D:7      | Identified the +6 battleaxe of Killer Klown's Doom {venom,
                  | rPois} (Trog gifted it to you on level 7 of the Dungeon)
  8186 | D:8      | Found Cuaprik's Distillery.
  8186 | D:8      | Found Qepnaoj's Food Boutique.
  8186 | D:8      | Found Zimauche's Magic Scroll Shop.
  8200 | D:8      | Bought a potion of heal wounds for 70 gold pieces
  8200 | D:8      | Bought a potion of heal wounds for 70 gold pieces
  8788 | D:8      | Noticed a two-headed ogre
  8792 | D:8      | Killed a two-headed ogre
  9007 | D:8      | Found Enolodwu's Book Shop.
  9009 | D:8      | Found Seunioff's Food Shoppe.
  9236 | D:9      | Found a blossoming altar of Fedhas.
  9411 | D:9      | Found a bloodstained altar of Trog.
  9549 | D:9      | Found a staircase to the Lair.
  9561 | D:9      | Reached XP level 11. HP: 49/71 MP: 11/11
  9796 | D:10     | Entered Level 10 of the Dungeon
 10211 | D:10     | Found a staircase to the Orcish Mines.
 10250 | D:10     | Received a gift from Trog
 10617 | D:10     | Reached skill level 10 in Fighting
 10925 | D:11     | Found a flagged portal.
 11033 | Bailey   | Entered a bailey
 11317 | D:11     | Reached skill level 10 in Armour
 11421 | D:11     | Noticed a purple ugly thing
 11425 | D:11     | Killed a purple ugly thing
 11716 | D:12     | Noticed a purple ugly thing
 11725 | D:12     | Killed a purple ugly thing
 11788 | D:12     | Found Qumilyim's Magic Scroll Boutique.
 11801 | D:12     | Bought a scroll of identify for 24 gold pieces
 11801 | D:12     | Bought a scroll of identify for 24 gold pieces
 11822 | D:12     | Noticed Kirke
 11833 | D:12     | Annihilated by a very large slime creature

Skill      XL: |  1  2  3  4  5  6  7  8  9 10 11 |
---------------+----------------------------------+-----
Axes           | 3 4 5 6 8 9 |  9.0
Dodging        | 2 3 4 5 7 8 |  8.0
Armour         | 3 4 5 6 7 9 10 | 10.4
Fighting       | 4 5 6 8 9 10 | 10.5

Action                   |  1- 3 |  4- 6 |  7- 9 | 10-12 || total
-------------------------+-------+-------+-------+-------++-------
Melee: Hand axe          |   167 |   168 |       |       ||   335
       War axe           |       |    83 |   433 |       ||   516
       Battleaxe         |       |       |       |   286 ||   286
Invok: Berserk           |       |     3 |     4 |     2 ||     9
  Use: Scroll            |       |       |    15 |    10 ||    25
  Eat: Chunk             |     3 |    11 |    27 |    18 ||    59
       Ration            |       |       |       |     3 ||     3
Armor: Animal skin       |    68 |   136 |   104 |       ||   308
       Chain mail        |       |       |   172 |       ||   172
       Plate armour      |       |       |       |   283 ||   283
Dodge: Dodged            |   117 |   221 |   334 |   189 ||   861
